 Dungeon Crawl Stone Soup version 0.20-b1-24-gb21faa7 (webtiles) character file.

177552 Gorglomux the Slicer (level 18, -4/96 HPs)
             Began as a Vine Stalker Fighter on May 25, 2017.
             Was a High Priest of Uskayaw.
             Slain by a sixfirhy (7 damage)
             ... summoned by an orc high priest
             ... while paralysed by an orc sorcerer
             ... on level 2 of the Orcish Mines.
             The game lasted 01:09:19 (19482 turns).

Gorglomux the Slicer (Vine Stalker Fighter)        Turns: 19482, Time: 01:09:20

Health: -4/96      AC: 14    Str: 27    XL:     18   Next: 17%
Magic:  0/26       EV:  2    Int: 10    God:    Uskayaw [*****.]
Gold:   1758       SH:  0    Dex: 22    Spells: 17/17 levels left

rFire    + . .     SeeInvis +   b - +10 falchion "Banisher" {holy, +Inv Str+4 Int+2}
rCold    + . .     Gourm    .   T - +2 large shield
rNeg     . . .     Faith    +   o - +4 troll leather armour {Purgy}
rPois    .         Spirit   +   (no helmet)
rElec    .         Reflect  .   R - scarf {rC+ rF+}
rCorr    .         Harm     .   F - +2 pair of gloves {archery}
MR       ++...                  j - +0 pair of boots
Stlth    ++........             m - amulet of faith {Faith, !P}
Regen    1.5/turn               M - ring of Vanity {Str+4 Slay+3}
MPRegen  0.2/turn               y - ring of see invisible {sInv, !d}

@: paralysed, about to teleport
A: fangs 3, regeneration 2, magic shield, antimagic bite, no potion heal 3, rot
immunity
a: Stomp, Line Pass, Grand Finale, Renounce Religion, Evoke Invisibility


You were on level 2 of the Orcish Mines.
You worshipped Uskayaw.
Uskayaw was aware of your devotion.
You were not hungry.

You visited 4 branches of the dungeon, and saw 24 of its levels.
You also visited: Sewer.

You collected 2308 gold pieces.
You spent 550 gold pieces at shops.

Inventory:

Hand Weapons
 a - a +2 scimitar of flaming
   (You took it off Erica on level 9 of the Dungeon)
 b - the +10 falchion "Banisher" (weapon) {holy, +Inv Str+4 Int+2}
   (You found it on level 7 of the Dungeon)

   It has been blessed by the Shining One to cause great damage to the undead
   and demons.
   It affects your strength (+4).
   It affects your intelligence (+2).
   It lets you turn invisible.
 W - a +2 quick blade
   (You acquired it on level 5 of the Lair of Beasts)
Armour
 j - a +0 pair of boots (worn)
   (You found it on level 1 of the Dungeon)
 o - a +4 troll leather armour (worn) {Purgy}
   (You found it on level 3 of the Dungeon)
 F - a +2 pair of gloves of archery (worn)
   (You found it on level 8 of the Dungeon)
 R - a scarf of resistance (worn)
   (You found it on level 5 of the Lair of Beasts)
 T - a +2 large shield (worn)
   (You found it on level 15 of the Dungeon)
Jewellery
 m - an amulet of faith (around neck) {Faith, !P}
   (You found it on level 1 of the Dungeon)
 y - a ring of see invisible (right hand) {sInv, !d}
   (You found it on level 3 of the Dungeon)
 A - an uncursed ring of flight {+Fly, !d}
   (You found it on level 13 of the Dungeon)
 H - a +3 ring of evasion
   (You found it on level 7 of the Dungeon)
 M - the ring of Vanity (left hand) {Str+4 Slay+3}
   (You found it on level 7 of the Dungeon)

   [ring of strength]

   It affects your strength (+4).
   It affects your accuracy and damage with ranged weapons and melee attacks
   (+3).
 U - an uncursed ring of resist corrosion
   (You found it on level 3 of the Lair of Beasts)
Wands
 E - a wand of lightning (6/15)
   (You found it on level 13 of the Dungeon)
 G - a wand of disintegration (8/24)
   (You found it on level 6 of the Dungeon)
 I - a wand of iceblast (7/15)
   (You found it on level 2 of the Lair of Beasts)
 Q - a wand of iceblast (1/15)
   (You found it on level 15 of the Dungeon)
 Y - a wand of paralysis (8/24)
   (You found it on level 15 of the Dungeon)
Scrolls
 e - 7 scrolls of teleportation
 g - 6 scrolls of blinking {!r}
 r - 10 scrolls of remove curse
 v - 3 scrolls of recharging
 w - a scroll of magic mapping {!r}
 x - 6 scrolls of immolation {!r}
 C - 6 scrolls of enchant weapon
 D - 5 scrolls of identify
 S - 2 scrolls of fear
Potions
 d - 3 potions of agility
 h - 3 potions of flight
 i - a potion of resistance
 l - a potion of invisibility
 p - 3 potions of mutation {!q}
 s - 5 potions of curing
 t - 4 potions of magic
 u - 4 potions of haste
 B - 3 potions of lignification {!q}
 J - 2 potions of might
 V - 2 potions of cancellation
Miscellaneous
 K - a fan of gales
   (You found it on level 7 of the Dungeon)
 L - a phial of floods
   (You found it on level 7 of the Dungeon)
 N - a lamp of fire
   (You found it on level 7 of the Dungeon)
 O - a lightning rod (4/4)
   (You found it on level 15 of the Dungeon)
Comestibles
 f - 18 bread rations {@e1}
 k - 10 fruits
 n - 16 meat rations {@e2}
 q - 12 royal jellies
 P - 6 chunks of flesh {@w0}


   Skills:
 * Level 11.0 Fighting
 - Level 14.1 Short Blades
 + Level 9.9 Armour
 + Level 9.7 Dodging
 * Level 12.4 Shields
 + Level 9.6 Invocations
 - Level 3.6 Evocations


You had 17 spell levels left.
You didn't know any spells.

Dungeon Overview and Level Annotations

Branches:
Dungeon (15/15)            Temple (1/1) D:7            Lair (6/6) D:10
  Swamp (0/4) Lair:3       Spider (0/4) Lair:3        Slime (0/5) Lair:6
    Orc (2/2) D:11         Vaults (0/5) D:13         Depths (0/5) D:15
    Elf: Orc:2

Altars:
Ashenzari
Gozag
Okawaru
Ru
Uskayaw
Vehumet
Xom
The Shining One
Jiyva

Shops:
D:10 %   D:14 *   D:15 [

Annotations:
D:12 Rupert


Innate Abilities, Weirdness & Mutations

You have razor-sharp teeth.
You heal very quickly.
When hurt, damage is shared between your health and your magic reserves.
Your bite disrupts and absorbs the magic of your enemies.
Potions cannot restore your health.
You are immune to rotting.


Message History

Unknown command.
You hit the orc warrior. You bite the orc warrior! You drain its power.
You feel invigorated.
You kill the orc warrior!
The orc sorcerer is no longer sharing its pain.
The orc knight is no longer sharing its pain.
The orc warrior hits you with a hand axe!
The sixfirhy closely misses you.
You riposte.
You closely miss the sixfirhy. Your bite misses the sixfirhy.
The orc priest invokes the aid of Beogh against you.
Beogh smites you!
You hear a shout!
You slice the orc knight!! Your bite misses the orc knight.
The orc warrior no longer looks unusually strong.
The orc warrior is no longer sharing its pain.
The orc wizard is no longer sharing its pain.
The orc high priest is no longer sharing its pain.
The orc warrior is no longer sharing its pain.
You block the sixfirhy's attack. x2; The sixfirhy closely misses you.
The orc knight roars a battlecry!
The orc warrior goes into a battle-frenzy!
The orc high priest utters an invocation to Beogh.
The sixfirhy closely misses you. The orc high priest closely misses you.
Unknown command.
You hit the orc knight.
You bite the orc knight, but do no damage.
The ynoxinul is no longer sharing its pain.
The orc wizard no longer looks unusually strong.
The orc sorcerer is no longer sharing its pain.
The orc high priest no longer looks unusually strong.
The orc warrior no longer looks unusually strong.
The orc priest is no longer sharing its pain.
The sixfirhy hits you but does no damage.
You block the sixfirhy's attack.
The orc knight roars a battlecry!
The orcs go into a battle-frenzy!
The orc priest looks braver for a moment.
You block the orc warrior's attack.
Unknown command.
You closely miss the orc knight.
You bite the orc knight, but do no damage.
The orc knight no longer looks unusually strong.
The orc knight is no longer sharing its pain.
The orc high priest hits you from afar with a glaive!
You block the sixfirhy's attack.
An orc priest comes into view. It is wielding a flail.
You hit the orc knight.
You kill the orc knight!
The orc is no longer sharing its pain.
The orc high priest no longer looks unusually strong.
The sixfirhy misses you.
The orc knight roars a battlecry!
The orcs go into a battle-frenzy!
The orc sorcerer mumbles some strange words.
The orc high priest mumbles some strange prayers to Beogh.
You hear a shout!
Unknown command.
As you read the scroll of teleportation, it crumbles to dust.
You feel strangely unstable.
The orc wizard no longer looks unusually strong.
You block the sixfirhy's attack. x2
The orc priest casts a cantrip, but nothing happens.
You block the sixfirhy's attack.
The orc priest calls upon Beogh to heal the orc.
The orc's wounds heal themselves!
The orc high priest misses you.
You hit the orc sorcerer. You bite the orc sorcerer.
The orc sorcerer's magic leaks into the air.
You drain its magic.
You feel invigorated.
The orc sorcerer no longer looks unusually strong.
You block the sixfirhy's attack. x2; The sixfirhy completely misses you.
The orc sorcerer casts a spell at you.
You suddenly lose the ability to move!
The orc sorcerer casts a spell.
The orc no longer looks unusually strong.
The orc sorcerer no longer looks unusually strong.
The orc high priest no longer looks unusually strong.
The orc knight no longer looks unusually strong.
The sixfirhy hits you! The sixfirhy shocks you! The sixfirhy hits you!
The sixfirhy shocks you!
* * * LOW HITPOINT WARNING * * *
The sixfirhy hits you but does no damage.
The sixfirhy hits you!
* * * LOW HITPOINT WARNING * * *
The sixfirhy shocks you!
* * * LOW HITPOINT WARNING * * *
The sixfirhy hits you but does no damage.
The orc high priest calls upon Beogh to heal the orc warrior.
The orc warrior's wounds heal themselves!
The sixfirhy hits you but does no damage.
The orc knight roars a battlecry!
The orcs go into a battle-frenzy!
The orc wizard casts a spell.
The orc wizard flickers and vanishes for a moment.
The ynoxinul gestures.
An orc sorcerer comes into view. It is wielding a dagger.
The orc priest no longer looks unusually strong.
The sixfirhy hits you!
* * * LOW HITPOINT WARNING * * *
The sixfirhy shocks you!
You die...

#.#.....).....
##.....)))#....
###......)).)...#
##.........#)##...
##..........#####..
##.....########.##..
#...[### #......
#..(## ##.##.# #.o@#
####.# ##3o3# #....


#.oooo4 ##... ##o4oooo§ #..# ##4o3o5.o #..# .455... ##.#. ##..... ##....
####÷... ###..... ##.########....... You could see an orc knight, 3 orc high
priests, an orange demon, a rust devil, 2 sixfirhies, a ynoxinul, a chaos spawn,
3 orc sorcerers, 2 orc warriors, 2 orc priests, 2 orc wizards, an orc and 3
ufetubi.

Vanquished Creatures
  Kirke (Lair:5)
  Frances (D:12)
  Nessos (D:12)
  2 slime creatures
  The ghost of murphy the Severer, a journeyman MiBe of Trog (D:11)
  A rakshasa (D:11)
  4 vault guards (D:13)
  9 hydras
  3 centaur warriors
  An ogre mage (D:15)
  6 two-headed ogres
  Erica (D:9)
  A queen ant (Lair:3)
  2 catoblepae
  2 tengu warriors
  3 death yaks (Lair:6)
  Urug (D:13)
  A shock serpent (shapeshifter) (D:15)
  An unseen horror (D:13)
  2 lindwurms (Lair:6)
  A wizard (D:15)
  A wolf spider zombie (D:15)
  2 orc knights (Orc:2)
  A wolf spider (Lair:6)
  2 orc sorcerers (D:15)
  3 manticores
  3 cyclopes
  22 ugly things
  6 deep elf magi
  2 centaur zombies
  13 black mambas
  A guardian serpent (Lair:6)
  2 elephants (Lair:6)
  2 gargoyles
  A torpor snail (Lair:6)
  25 spiny frogs
  2 kobold demonologists
  4 rime drakes
  An efreet (D:15)
  6 komodo dragons
  A tengu conjurer (D:15)
  A yaktaur (D:14)
  4 jumping spiders (Lair:3)
  4 trolls
  2 polar bears
  2 tyrant leeches (Lair:3)
  4 hornets
  8 blink frogs
  10 hippogriffs
  14 dream sheep (Lair:6)
  4 redbacks
  Sigmund (D:3)
  2 humans
  4 wraiths
  56 yaks
  A vampire (D:14)
  15 wyverns
  7 hogs
  3 basilisks
  2 hungry ghosts
  A steam dragon (D:13)
  2 vampire mosquitoes (D:12)
  Edmund (D:5)
  21 soldier ants
  Menkaure (D:6)
  2 acid dragons
  26 water moccasins
  11 porcupines
  Purgy (D:3)
  A swamp drake (D:10)
  19 orc warriors
  5 sky beasts
  A black bear (D:9)
  A necrophage (D:9)
  2 centaurs
  4 phantoms
  2 ice beasts (D:14)
  9 ogres
  4 boggarts (D:15)
  A wolf (Lair:6)
  15 crocodiles
  The ghost of Shinoi the Digger, an amateur OpEE (Sewer)
  3 big kobolds
  16 bullfrogs
  A gnoll sergeant (D:10)
  7 scorpions
  A troll zombie (D:11)
  6 killer bees (D:7)
  9 wights
  A howler monkey (D:9)
  3 crimson imps
  2 bullfrog zombies
  5 hounds
  A quasit (D:9)
  Crazy Yiuf (D:3)
  8 jellies
  10 orc priests
  16 orc wizards
  3 bullfrog skeletons
  4 iguanas
  5 centaur skeletons
  29 worker ants
  5 ogre zombies (D:11)
  2 worker ant zombies
  11 gnolls
  19 adders
  A river rat (Sewer)
  5 shadow imps
  5 oozes
  An adder skeleton (D:4)
  4 worms
  2 dart slugs
  A leopard gecko (D:5)
  60 orcs
  3 ball pythons
  5 bats
  2 giant cockroaches (D:3)
  5 goblins
  4 hobgoblins
  7 jackals
  7 quokkas
  4 frilled lizards
  A goblin skeleton (D:11)
  3 goblin zombies (D:11)
  3 hobgoblin skeletons (D:11)
  3 hobgoblin zombies (D:11)
  15 kobolds
  A leopard gecko zombie (D:9)
  3 orc skeletons (D:11)
  6 orc zombies (D:11)
  2 quokka skeletons (D:7)
  9 rats
750 creatures vanquished.

Vanquished Creatures (others)
  A kobold demonologist (D:13)
  A human (Lair:5)
  8 fungi (Lair:6)
  8 plants (Lair:6)
18 creatures vanquished.

Grand Total: 768 creatures vanquished

Notes
Turn   | Place    | Note
-------+----------+-------------------------------------------
     0 | D:1      | Gorglomux the Vine Stalker Fighter began the quest for the Orb.
     0 | D:1      | Reached XP level 1. HP: 11/11 MP: 2/2
   197 | D:1      | Reached XP level 2. HP: 7/16 MP: 0/3
   218 | D:1      | HP: 4/16 [jackal (1)]
   669 | D:1      | Reached skill level 3 in Shields
  1134 | D:2      | Reached skill level 2 in Short Blades
  1134 | D:2      | Reached XP level 3. HP: 19/19 MP: 4/4
  1376 | D:3      | Noticed Sigmund
  1445 | D:3      | Noticed Purgy
  1694 | D:3      | Killed Purgy
  1694 | D:3      | Reached skill level 3 in Fighting
  1694 | D:3      | Reached skill level 3 in Armour
  1694 | D:3      | Reached skill level 1 in Dodging
  1694 | D:3      | Gained mutation: Your natural rate of healing is unusually fast. [Vine Stalker growth]
  1694 | D:3      | Reached XP level 4. HP: 17/24 MP: 3/5
  1694 | D:3      | Reached XP level 5. HP: 20/28 MP: 3/6
  1823 | D:3      | Found a glowing drain.
  1892 | Sewer    | Entered a sewer
  1895 | Sewer    | Noticed Shinoi's ghost (amateur OpEE)
  1916 | Sewer    | Killed Shinoi's ghost
  1916 | Sewer    | Reached skill level 3 in Short Blades
  1941 | Sewer    | Noticed a big kobold
  1957 | Sewer    | Killed a big kobold
  1957 | Sewer    | Reached XP level 6. HP: 31/32 MP: 7/7
  2344 | D:3      | Killed Sigmund
  2344 | D:3      | Reached skill level 4 in Fighting
  2344 | D:3      | Reached skill level 4 in Short Blades
  2344 | D:3      | Reached skill level 2 in Dodging
  2344 | D:3      | Reached skill level 4 in Shields
  2344 | D:3      | Reached XP level 7. HP: 37/37 MP: 8/8
  2401 | D:3      | Found a runed door.
  2620 | D:3      | Noticed Crazy Yiuf
  2622 | D:3      | Killed Crazy Yiuf
  3279 | D:5      | Entered Level 5 of the Dungeon
  3381 | D:5      | Reached skill level 4 in Armour
  3381 | D:5      | Gained mutation: You have razor-sharp teeth. [Vine Stalker growth]
  3381 | D:5      | Reached XP level 8. HP: 42/42 MP: 9/9
  3426 | D:5      | Reached skill level 5 in Short Blades
  3610 | D:5      | Noticed Edmund
  3705 | D:5      | Killed Edmund
  3919 | D:6      | Noticed Menkaure
  4004 | D:6      | HP: 4/42 [Menkaure (15)]
  4005 | D:6      | Killed Menkaure
  4104 | D:6      | Reached skill level 3 in Dodging
  4109 | D:6      | Reached skill level 5 in Fighting
  4109 | D:6      | Reached skill level 6 in Short Blades
  4137 | D:6      | Gorglomux: ??guardian spirit
  4137 | D:6      | beem: guardian spirit[1/1]: While wearing this amulet, damage you take is divided proportionally between MP and HP. Reduces magic to 0 on wearing. Note that a Deep Dwarf wearing this does not regain MP naturally. Other races that mutate slow healing 3 still do, however.
  4165 | D:6      | Reached skill level 5 in Shields
  4165 | D:6      | Reached XP level 9. HP: 29/47 MP: 10/10
  4466 | D:6      | Found Kinojonu's Food Shop.
  4617 | D:7      | Noticed a deep elf mage
  4618 | D:7      | Noticed a purple ugly thing
  4652 | D:7      | HP: 11/47 [purple ugly thing (7)]
  4753 | D:8      | Reached skill level 5 in Armour
  4785 | D:7      | Found a staircase to the Ecumenical Temple.
  4797 | Temple   | Entered the Ecumenical Temple
  4822 | Temple   | Became a worshipper of Uskayaw the Reveler
  4849 | D:7      | Reached skill level 7 in Short Blades
  4849 | D:7      | Reached * piety under Uskayaw
  4857 | D:7      | Killed a deep elf mage
  4857 | D:7      | Reached skill level 4 in Dodging
  4857 | D:7      | Reached ** piety under Uskayaw
  4857 | D:7      | Reached *** piety under Uskayaw
  4881 | D:7      | Found a shimmering altar of Xom.
  5005 | D:7      | Got a brightly glowing platinum ring
  5007 | D:7      | Identified the ring of Vanity {Str+4 Slay+3} (You found it on level 7 of the Dungeon)
  5013 | D:7      | Got an ancient falchion
  5014 | D:7      | Identified the +10 falchion "Banisher" {holy, +Inv Str+4 Int+2} (You found it on level 7 of the Dungeon)
  5128 | D:7      | Reached XP level 10. HP: 53/53 MP: 11/11
  5205 | D:7      | Reached skill level 6 in Fighting
  5477 | D:7      | Reached skill level 6 in Shields
  5497 | D:7      | Reached **** piety under Uskayaw
  5575 | D:8      | Reached ***** piety under Uskayaw
  5579 | D:8      | Reached skill level 8 in Short Blades
  5588 | D:8      | Reached ****** piety under Uskayaw
  5739 | D:8      | Noticed a two-headed ogre
  5746 | D:8      | Killed a two-headed ogre
  5746 | D:8      | Reached skill level 1 in Invocations
  6130 | D:9      | Noticed Erica
  6138 | D:9      | Killed Erica
  6138 | D:9      | Reached skill level 2 in Invocations
  6204 | D:9      | Reached skill level 6 in Armour
  6205 | D:9      | Reached skill level 5 in Dodging
  6205 | D:9      | Reached XP level 11. HP: 57/58 MP: 13/13
  6238 | D:9      | Reached skill level 9 in Short Blades
  6247 | D:9      | Reached skill level 3 in Invocations
  6770 | D:9      | Reached skill level 7 in Fighting
  7090 | D:10     | Entered Level 10 of the Dungeon
  7131 | D:10     | Found Hanomi's Food Shop.
  7144 | D:10     | Reached skill level 7 in Shields
  7241 | D:10     | Noticed a green ugly thing
  7252 | D:10     | Killed a green ugly thing
  7314 | D:10     | Noticed a centaur warrior
  7319 | D:10     | Killed a centaur warrior
  7718 | D:10     | Reached skill level 4 in Invocations
  7787 | D:10     | Found a staircase to the Lair.
  7983 | D:11     | Found a staircase to the Orcish Mines.
  8065 | D:11     | Noticed a rakshasa
  8083 | D:11     | Killed a rakshasa
  8083 | D:11     | Reached skill level 10 in Short Blades
  8083 | D:11     | Reached skill level 6 in Dodging
  8083 | D:11     | Gained mutation: You heal very quickly. [Vine Stalker growth]
  8083 | D:11     | Reached XP level 12. HP: 23/63 MP: 11/16
  8323 | D:11     | Reached skill level 7 in Armour
  8722 | D:11     | Noticed murphy's ghost (journeyman MiBe)
  8731 | D:11     | Killed murphy's ghost
  8731 | D:11     | Reached skill level 5 in Invocations
  8759 | D:12     | Paralysed by a hornet for 1 turns
  8897 | D:12     | Noticed Frances
  8898 | D:12     | Noticed Rupert
  9001 | Lair:1   | Entered Level 1 of the Lair of Beasts
  9047 | Lair:1   | Reached skill level 8 in Shields
  9101 | Lair:1   | Reached skill level 8 in Fighting
  9616 | Lair:1   | Reached skill level 6 in Invocations
  9867 | Lair:1   | Reached XP level 13. HP: 19/69 MP: 18/18
  9920 | Lair:2   | Reached skill level 11 in Short Blades
 10149 | Lair:2   | Got a bronze chain mail
 10160 | Lair:2   | Identified the cursed +0 chain mail of Precision Catastrophes {Dex+4} (You found it on level 2 of the Lair of Beasts)
 10333 | Lair:2   | Reached skill level 7 in Dodging
 11097 | Orc:1    | Entered Level 1 of the Orcish Mines
 11266 | Lair:3   | Reached skill level 8 in Armour
 11279 | Lair:3   | Reached skill level 9 in Shields
 11286 | Lair:3   | HP: 15/70 [soldier ant (5)]
 11291 | Lair:2   | HP: 7/70 [poisoned by a soldier ant]
 11296 | Lair:2   | HP: 3/70 [poisoned by a soldier ant]
 11301 | Lair:2   | HP: 3/70 [poisoned by a soldier ant]
 11306 | Lair:2   | HP: 5/70 [poisoned by a soldier ant]
 11311 | Lair:2   | HP: 8/70 [poisoned by a soldier ant]
 11317 | Lair:2   | HP: 14/70 [poisoned by a soldier ant]
 11625 | Lair:3   | Reached skill level 9 in Fighting
 11634 | Lair:3   | Found a hole to the Spider Nest.
 11783 | Lair:3   | Gorglomux: !lg * won dj
 11783 | Lair:3   | beem: 114. Osgoodbad the Tortoise (L27 DjFi of Makhleb), escaped with the Orb and 5 runes on 2015-12-01 22:17:47, with 2273254 points after 122498 turns and 8:50:37.
 12104 | Lair:3   | Found a staircase to the Swamp.
 12433 | Lair:4   | Got a smelly plate armour
 12469 | Lair:4   | Identified the +0 plate armour "Pontaosk" {MP+9} (You found it on level 4 of the Lair of Beasts)
 12510 | Lair:4   | Reached skill level 7 in Invocations
 12543 | Lair:4   | Reached skill level 12 in Short Blades
 12701 | Lair:4   | Reached XP level 14. HP: 75/75 MP: 20/20
 13132 | Lair:5   | Identified a scroll of acquirement
 13174 | Lair:5   | Noticed Kirke
 13183 | Lair:5   | Killed Kirke
 13806 | Lair:6   | Entered Level 6 of the Lair of Beasts
 13885 | Lair:6   | Found a runed door.
 13886 | Lair:6   | Found a viscous altar of Jiyva.
 13888 | Lair:6   | Found a staircase to the Slime Pits.
 13992 | Lair:6   | Reached skill level 8 in Dodging
 14320 | Lair:6   | Reached skill level 8 in Invocations
 14546 | Lair:6   | Reached skill level 10 in Fighting
 14772 | Lair:6   | HP: 18/77 [catoblepas (13)]
 14779 | Lair:6   | HP: 19/77 [black mamba (8)]
 15020 | Lair:6   | Reached skill level 10 in Shields
 15077 | Lair:6   | Reached skill level 13 in Short Blades
 15166 | Lair:6   | Reached XP level 15. HP: 26/80 MP: 12/22
 15170 | Lair:6   | HP: 17/80 [death yak (10)]
 15211 | Lair:6   | Reached skill level 9 in Armour
 15242 | Lair:6   | Reached skill level 1 in Evocations
 15645 | D:12     | Noticed Nessos
 15658 | D:12     | HP: 20/80 [Nessos/arrow (14)]
 15663 | D:12     | HP: 11/80 [poisoned by Nessos]
 15665 | D:12     | Killed Nessos
 15668 | D:12     | HP: 8/80 [poisoned by Nessos]
 15673 | D:12     | HP: 8/80 [poisoned by Nessos]
 15678 | D:12     | HP: 10/80 [poisoned by Nessos]
 15683 | D:12     | HP: 14/80 [poisoned by Nessos]
 15689 | D:12     | HP: 20/80 [poisoned by Nessos]
 15794 | D:12     | Killed Frances
 15866 | D:12     | HP: 17/80 [Rupert/battleaxe of venom (11)]
 16060 | D:12     | Reached skill level 2 in Evocations
 16347 | D:13     | Noticed Urug
 16361 | D:13     | Killed Urug
 16398 | D:13     | Found a gate to the Vaults.
 16568 | D:13     | quik: VSFi^Usk sounds like a lot of fun
 16568 | D:13     | quik: :D
 16569 | D:13     | Gorglomux: hey !
 16569 | D:13     | Gorglomux: yeah it is
 16569 | D:13     | quik: hey
 16569 | D:13     | Gorglomux: i hate the lack of hp
 16569 | D:13     | quik: 81+22 not that bad! :D
 16581 | D:13     | Gorglomux: yeah it is, no heal wounds
 16584 | D:13     | quik: haha
 16599 | D:13     | quik: VS are awesome!
 16803 | D:14     | Gorglomux: sure they are
 16831 | D:14     | Gorglomux: need to try to win some for the tourney
 16832 | D:14     | Found Vihyetug's Assorted Antiques.
 16846 | D:14     | Bought a scroll of blinking for 232 gold pieces
 16846 | D:14     | Bought a scroll labeled OSUS XOYCOGY for 31 gold pieces
 16846 | D:14     | Bought a scroll of enchant armour for 232 gold pieces
 16846 | D:14     | Bought 2 glowing grey potions for 55 gold pieces
 16846 | D:14     | quik: :D
 16849 | D:14     | Gorglomux: wut
 16849 | D:14     | quik: ohh
 16849 | D:14     | Gorglomux: okay free xp potions don't mind if i do
 16849 | D:14     | quik: gz
 16849 | D:14     | Reached skill level 14 in Short Blades
 16849 | D:14     | Reached skill level 9 in Dodging
 16849 | D:14     | Reached XP level 16. HP: 86/86 MP: 23/23
 16850 | D:14     | Reached skill level 11 in Shields
 16850 | D:14     | Reached XP level 17. HP: 90/90 MP: 24/24
 17015 | D:14     | quik: what I don't like about uskayaw is that the final ability doesn't seem very useful
 17015 | D:14     | Gorglomux: oh hi caillou
 17015 | D:14     | Caillou112: hihi
 17015 | D:14     | Gorglomux: ah?? let me show you
 17055 | D:14     | quik: :D
 17062 | D:14     | quik: by the point you are able to use it everything should be dead!
 17062 | D:14     | Gorglomux: im wearing a amulet of faith on purpose
 17062 | D:14     | Gorglomux: and
 17062 | D:14     | Gorglomux: !lg . migl win
 17062 | D:14     | beem: 1. Gorglomux the Conqueror (L26 MiGl of Trog), escaped with the Orb and 3 runes on 2016-12-30 14:04:55, with 1812024 points after 60029 turns and 2:54:00.
 17068 | D:14     | Gorglomux: nah
 17068 | D:14     | Gorglomux: !lg . win urune=15
 17068 | D:14     | beem: 1. Gorglomux the Invulnerable (L27 MiMo of Uskayaw), escaped with the Orb and 15 runes on 2017-02-20 18:42:58, with 13613269 points after 118045 turns and 7:44:41.
 17068 | D:14     | quik: :D
 17068 | D:14     | Gorglomux: cause os pan lords
 17073 | D:14     | quik: maybe the amulet of faith makes it more useful
 17081 | D:14     | Reached skill level 3 in Evocations
 17082 | D:14     | quik: !lg gorglomux win urune=15 -log
 17082 | D:14     | beem: 1. Gorglomux, XL27 MiMo, T:118045: http://crawl.xtahua.com/crawl/morgue/Gorglomux/morgue-Gorglomux-20170220-184258.txt
 17107 | D:14     | Gorglomux: see? useful i said
 17401 | D:14     | quik: shit I missed it
 17478 | D:14     | quik: I was watching the log XD
 17483 | D:14     | Gorglomux: aha
 17529 | D:14     | Reached skill level 9 in Invocations
 17589 | D:14     | quik: you used it 53 times in levels 25-27
 17601 | D:14     | Gorglomux: yeah for pan lord purpose
 17601 | D:14     | quik: oh I see
 17601 | D:14     | quik: :D
 17601 | D:14     | Gorglomux: and othe tormentors and shit
 17723 | D:15     | Entered Level 15 of the Dungeon
 17758 | D:15     | quik: :D cool then
 17935 | D:15     | Found a sacrificial altar of Ru.
 18187 | D:15     | Found Usisimai's Armour Shop.
 18296 | D:15     | Reached skill level 12 in Shields
 18343 | D:15     | Reached XP level 18. HP: 95/95 MP: 25/25
 18344 | D:15     | Found a staircase to the Depths.
 18931 | D:11     | Found a glowing golden altar of the Shining One.
 19161 | Orc:2    | Entered Level 2 of the Orcish Mines
 19443 | Orc:2    | Reached skill level 11 in Fighting
 19480 | Orc:2    | Paralysed by an orc sorcerer for 3 turns
 19481 | Orc:2    | HP: 24/96 [sixfirhy[an orc high priest] (8)]
 19481 | Orc:2    | HP: 8/96 [sixfirhy[an orc high priest] (9)]
 19482 | Orc:2    | HP: 3/96 [sixfirhy[an orc high priest] (6)]
 19482 | Orc:2    | Slain by a sixfirhy

Skill      XL: |  1  2  3  4  5  6  7  8  9 10 11 12 13 14 15 16 17 18 |
---------------+-------------------------------------------------------+-----
Shields        | 3 4 5 6 7 8 9 10 11 12 | 12.4
Short Blades   | 2 3 4 6 7 8 10 12 13 14 | 14.1
Fighting       | 3 4 5 6 7 8 9 10 11 | 11.0
Armour         | 3 4 5 6 7 8 9 |  9.9
Dodging        | 1 2 3 4 5 6 7 8 9 |  9.7
Invocations    | 2 4 6 7 8 9 |  9.6
Evocations     | 2 3 |  3.6

Action                   |  1- 3 |  4- 6 |  7- 9 | 10-12 | 13-15 | 16-18 || total
-------------------------+-------+-------+-------+-------+-------+-------++-------
Melee: Rapier            |    27 |       |       |       |    35 |       ||    62
       Bite              |    15 |    26 |   106 |   217 |   471 |   198 ||  1033
       Whip              |    54 |   101 |   303 |       |       |       ||   458
       Falchion          |       |       |     9 |   437 |   693 |   284 ||  1423
       Scimitar          |       |       |       |       |    40 |    34 ||    74
       Quick blade       |       |       |       |       |     4 |       ||     4
Invok: Stomp             |       |       |       |     2 |     4 |     2 ||     8
       Line Pass         |       |       |       |     1 |     4 |     2 ||     7
       Grand Finale      |       |       |       |       |     2 |     2 ||     4
 Abil: Evoke Invisibilit |       |       |       |     1 |     1 |       ||     2
Evoke: Wand              |       |       |       |       |     1 |       ||     1
  Use: Scroll            |     2 |     2 |     6 |    14 |    15 |     2 ||    41
       Potion            |     1 |       |       |       |     3 |     1 ||     5
 Stab: Paralysed         |       |       |       |    50 |    82 |    31 ||   163
       Sleeping          |       |       |       |     1 |     2 |     1 ||     4
       Invisible         |       |       |       |     1 |     2 |       ||     3
       Distracted        |       |       |       |       |     2 |       ||     2
       Petrified         |       |       |       |       |     5 |       ||     5
  Eat: Chunk             |     2 |     3 |     9 |    32 |    28 |    12 ||    86
       Royal jelly       |       |       |       |     1 |       |       ||     1
Armor: Scale mail        |    52 |       |       |       |       |       ||    52
       Troll leather arm |       |    31 |    59 |    53 |   163 |    42 ||   348
Dodge: Dodged            |    35 |    41 |   128 |   213 |   600 |   102 ||  1119
Block: Shield            |    65 |    63 |   158 |   235 |   558 |    56 ||  1135
       Large shield      |       |       |       |       |       |   195 ||   195
       Rpst.: Falchion   |       |       |       |    61 |   137 |    24 ||   222
       Scimitar          |       |       |       |       |    10 |     5 ||    15

Vault maps used:
D:1:      minmay_arrival_widening_spiral_wide, minmay_tree_intersection
D:3:      portal_sewer_entry_a, corexii_leaking_fountain, uniq_sigmund,
          uniq_crazy_yiuf_cottage, uniq_purgy
D:4:      st_stairs_11
D:5:      first_bread, uniq_edmund
D:6:      serial_shops, kennysheep_little_box, hangedman_abyss_or_decor_passed,
          uniq_menkaure
D:7:      minmay_the_grid_triangle_9x9_recursive_2, temple_fountains,
          st_stairs_3, xom_teletrap_fun
D:8:      special_room
D:9:      grunt_livestock, uniq_erica
D:10:     erik_lair_dragon, serial_shops, shop, minmay_misc_feat_ornament
D:11:     zombieorc1_lemuel, lemuel_statue_altar
D:12:     uniq_rupert, uniq_nessos, uniq_frances
D:13:     lightli_vaults_fourway_checkpoint, serial_corexii_hall,
          corexii_hall_statues_l, corexii_hall_statues_u,
          corexii_hall_statues_l, wad_dig_loot, uniq_urug
D:14:     serial_bayou_pond_e, serial_shops, nicolae_shop_crystal,
          minmay_joined_circles
D:15:     grunt_enter_depths_magical_seal, serial_shops,
          nicolae_shop_behind_doors, nicolae_ru_sacrificial_ziggurat,
          bh_walls_and_bars
Temple:   minmay_crystal_snake_temple
Lair:1:   beast_lair_carwin_11
Lair:2:   cheibrodos_lair_reptile_den, serial_bayou_shore_b
Lair:3:   cheibrodos_lair_river_kwai, minmay_swamp_entry_worms,
          nicolae_spider_entry_tight_spaces, minivault_29
Lair:5:   uniq_kirke
Lair:6:   hangedman_lair_in_review, hangedman_lair_tendril_chambers,
          slime_altar_2
Orc:2:    grunt_orc_tribal_feast, serial_shops, nicolae_shop_crystal, shop,
          special_room, mines2_lemuel, uniq_maurice
Sewer:    sewer_co_15_rooms

Table legend:
 A = Turns spent in this place as a percentage of turns spent in the entire game.
 B = Non-inter-level travel turns spent in this place as a percentage of non-inter-level travel turns spent in the entire game.
 C = Inter-level travel turns spent in this place as a percentage of turns spent in this place.
 D = Turns resting spent in this place as a percentage of non-inter-level travel turns spent in this place.
 E = Turns spent auto-exploring this place as a percentage of non-inter-level travel turns spent in this place.
 F = Non-inter-level travel turns spent in this place divided by the number of levels of this place that you've seen.
                   A       B       C       D       E      F
               +-------+-------+-------+-------+-------+----------------------
         Total | 100.0 | 100.0 |   0.6 |   0.9 |   8.7 | 309.1
       Dungeon |  59.8 |  59.8 |   0.7 |   0.6 |   9.8 | 308.1
        Temple |   0.1 |   0.1 |  33.3 |   0.0 |  50.0 |   4.0
          Lair |  34.1 |  34.1 |   0.4 |   1.3 |   6.7 | 439.7
  Orcish Mines |   3.1 |   3.0 |   1.7 |   0.0 |   9.8 | 117.5
         Sewer |   2.9 |   3.0 |   0.0 |   1.7 |   6.6 | 229.0
               +-------+-------+-------+-------+-------+----------------------

Table legend:
 A = Kills in this place as a percentage of kills in entire the game.
 B = Kills by you in this place as a percentage of kills by you in the entire game.
 C = Kills by friends in this place as a percentage of kills by friends in the entire game.
 D = Other kills in this place as a percentage of other kills in the entire game.
 E = Experience gained in this place as a percentage of experience gained in the entire game.
 F = Experience gained in this place divided by the number of levels of this place that you have seen.
                   A       B       C       D       E      F
               +-------+-------+-------+-------+-------+----------------------
         Total | 100.0 | 100.0 |  -nan | 100.0 | 100.0 | 6007.6
       Dungeon |  58.7 |  58.6 |  -nan | 100.0 |  52.6 | 5270.5
          Lair |  34.5 |  34.6 |  -nan |   0.0 |  45.1 | 11290.7
  Orcish Mines |   4.3 |   4.3 |  -nan |   0.0 |   2.0 | 1500.0
         Sewer |   2.5 |   2.5 |  -nan |   0.0 |   0.3 | 389.0
               +-------+-------+-------+-------+-------+----------------------
